Map: Odyssey LE

Players

Archile - Winner!

  • Race: Terran Terran
  • League: Diamond
  • Spawn Location: 5:00

RiSE

  • Race: Protoss Protoss
  • League: Master
  • Spawn Location: 11:00

VOD

Have the link to the VOD?

Description

Time

  • Played on: Dec. 13, 2017, 5:01 p.m.
  • Length: 10:25
Show
View Real Time Build Order
Export as new Build Order

Archile Terran - Winner!

Build Orders: Reaper Expand, MMM Bio 

Get SALT Encoding   

  12  0:06  SCV  
  13  0:18  Supply Depot, SCV  
  14  0:30  SCV  
  15  0:40  Barracks  
  15  0:43  SCV  
  15  0:45  Refinery  
  16  0:55  SCV  
  17  1:12  SCV  
  18  1:27  Orbital Command  
  18  1:33  Reaper  
  19  1:41  Command Center  
  19  1:48  Supply Depot  
  19  1:53  SCV  
  20  2:15  SCV  
  21  2:16  Bunker, Barracks Reactor  
  21  2:20  Refinery  
  21  2:27  SCV  
  22  2:31  Factory  
  22  2:39  SCV  
  23  2:51  Supply Depot, SCV  
  24  2:52  Marine x2  
  26  3:03  SCV  
  27  3:15  SCV  
  27  3:16  Starport  
  28  3:23  Orbital Command, Hellion x2  
  31  3:35  SCV  
  31  3:37  Barracks Tech Lab  
  32  3:44  Hellion  
  32  3:45  Hellion  
  32  3:47  Engineering Bay  
  36  3:49  SCV  
  36  3:53  SCV  
  36  3:54  Medivac  
  40  3:58  Stimpack  
  40  4:01  SCV  
  41  4:07  SCV  
  42  4:13  SCV  
  42  4:15  Barracks  
  43  4:22  Barracks, Terran Infantry Weapons Level 1  
  43  4:25  SCV  
  43  4:26  SCV  
  45  4:37  SCV  
  45  4:38  SCV  
  47  4:39  Starport Reactor  
  47  4:40  Widow Mine  
  49  4:45  Supply Depot  
  49  4:48  Marauder  
  49  4:49  SCV  
  49  4:50  SCV  
  53  5:01  SCV  
  54  5:07  SCV, Marine  
  54  5:09  Factory Reactor  
  54  5:10  Supply Depot  
  54  5:13  Marine x2  
  54  5:14  Marauder  
  60  5:26  Barracks Tech Lab  
  60  5:28  Armory  
  60  5:31  Supply Depot  
  60  5:40  SCV x2  
  60  5:42  Marauder, Medivac x2  
  68  5:45  Refinery  
  68  5:47  Supply Depot, Refinery  
  68  5:52  Hellion  
  68  5:53  Hellion  
  68  5:55  Supply Depot  
  72  5:57  Supply Depot  
  72  5:59  Marauder  
  72  6:00  Concussive Shells  
  72  6:02  Marine x2  
  76  6:05  Marauder  
  76  6:09  Combat Shields  
  76  6:11  SCV x2  
  80  6:24  Medivac  
  80  6:25  Hellion x2  
  86  6:26  Marauder  
  86  6:27  Marine x2  
  86  6:29  Marauder  
  92  6:34  Supply Depot  
  92  6:47  Marine  
  92  6:48  Marine  
  92  6:53  Marauder x2, Hellion  
  92  6:54  Hellion  
  102  7:00  Terran Infantry Weapons Level 2  
  102  7:06  Command Center  
  102  7:11  Medivac  
  102  7:13  Marine x2  
  90  7:46  Marauder x2, Marine x2  
  90  7:47  Medivac x2, Hellion x2  
  90  8:04  Marine x2  
  92  8:08  Marauder x2  
  92  8:12  Hellion x2  
  98  8:21  Marine x2  
  96  8:29  Marauder x2  
  97  8:42  SCV x2, Marine x2  
  97  8:44  Medivac x2, Hellbat x2  
  109  8:50  Marauder  
  109  8:51  Marauder  
  109  8:54  SCV  
  112  8:58  SCV  
  112  9:00  Marine x2  
  112  9:01  Orbital Command  
  115  9:05  Barracks  
  115  9:06  SCV  
  116  9:10  SCV  
  116  9:12  Marauder x2  
  121  9:18  Marine x2  
  121  9:19  Factory  
  121  9:23  Orbital Command, Hellbat  
  121  9:24  Hellbat  
  127  9:30  Ghost Academy  
  125  9:33  Marauder, Marine  
  128  9:39  Medivac x2  
  128  9:40  Marine  
  133  9:52  Supply Depot  
  133  9:54  Supply Depot  
  133  9:55  Supply Depot x2  
  133  9:58  Barracks Tech Lab  
Show
View Real Time Build Order
Export as new Build Order

RiSE Protoss 

Build Orders: 1 Gate Expand 

Get SALT Encoding   

  12  0:00  Probe  
  13  0:12  Probe  
  14  0:19  Pylon  
  14  0:25  Probe  
  15  0:37  Probe (Chrono Boost)  
  15  0:38  Gateway  
  16  0:47  Probe (Chrono Boost)  
  17  0:51  Probe  
  17  0:52  Assimilator  
  18  1:03  Probe  
  19  1:23  Nexus  
  19  1:27  Probe  
  20  1:35  Cybernetics Core  
  20  1:43  Assimilator  
  20  1:44  Probe (Chrono Boost)  
  21  1:51  Pylon  
  22  1:54  Probe (Chrono Boost)  
  22  2:02  Probe  
  23  2:12  Stalker (Chrono Boost)  
  23  2:13  Warp Gate  
  24  2:20  Probe  
  25  2:28  Robotics Facility  
  25  2:35  Probe (Chrono Boost)  
  26  2:40  Pylon  
  28  2:46  Probe x2 (Chrono Boost)  
  28  2:47  Stalker  
  30  2:52  Probe  
  31  2:59  Probe  
  32  3:09  Probe  
  32  3:12  Probe (Chrono Boost), Shield Battery  
  34  3:19  Observer  
  35  3:20  Pylon  
  35  3:21  Probe (Chrono Boost)  
  37  3:30  Twilight Council  
  37  3:33  Probe (Chrono Boost)  
  37  3:36  Probe (Chrono Boost)  
  37  3:40  Observer  
  40  3:47  Probe (Chrono Boost)  
  40  3:48  Probe (Chrono Boost)  
  41  3:49  Probe  
  41  3:50  Probe  
  43  4:01  Probe  
  44  4:05  Nexus  
  44  4:06  Blink  
  44  4:12  Probe  
  44  4:13  Probe  
  44  4:14  Assimilator  
  44  4:16  Stalker  
  50  4:24  Observer, Probe (Chrono Boost)  
  51  4:32  Assimilator, Probe (Chrono Boost)  
  51  4:38  Gateway x2  
  51  4:41  Probe (Chrono Boost)  
  51  4:44  Gateway  
  51  4:45  Gateway  
  52  4:53  Stalker  
  52  4:56  Probe x2  
  52  4:57  Pylon  
  56  5:02  Observer, Pylon  
  57  5:08  Probe  
  58  5:23  Probe (Chrono Boost)  
  58  5:25  Stalker  
  61  5:34  Probe (Chrono Boost)  
  62  5:42  Shield Battery  
  64  5:45  Shield Battery x2  
  64  5:46  Probe (Chrono Boost), Shield Battery  
  64  5:47  Probe x2 (Chrono Boost), Immortal (Chrono Boost)  
  69  5:51  Pylon  
  69  5:52  Pylon  
  69  5:54  Probe (Chrono Boost)  
  69  5:55  Stalker  
  74  5:59  Stalker x2  
  74  6:00  Stalker  
  74  6:03  Probe x2 (Chrono Boost)  
  81  6:04  Probe (Chrono Boost)  
  81  6:05  Probe  
  82  6:11  Probe  
  82  6:12  Probe  
  82  6:13  Assimilator  
  82  6:15  Assimilator  
  82  6:16  Observer  
  82  6:17  Probe  
  82  6:18  Twilight Council  
  86  6:19  Pylon  
  86  6:20  Stalker  
  86  6:22  Sentry  
  86  6:24  Probe x2  
  92  6:28  Stalker  
  94  6:33  Charge (Chrono Boost)  
  94  6:37  Observer  
  94  6:41  Zealot x2  
  94  6:44  Shield Battery  
  94  6:46  Probe  
  94  6:47  Probe  
  100  6:50  Immortal (Chrono Boost)  
  104  6:54  Templar Archives  
  104  6:57  Gateway  
  104  6:58  Gateway  
  104  7:04  Stalker x2  
  104  7:05  Stalker  
  104  7:07  Stalker  
  112  7:10  Probe  
  112  7:11  Stalker  
  113  7:26  Immortal  
  105  7:34  Stalker x4  
  105  7:42  Stalker  
  100  7:46  Probe (Chrono Boost)  
  80  7:56  Probe x2 (Chrono Boost)  
  80  7:58  Stalker x3  
  69  7:59  Stalker  
  71  8:05  Immortal (Chrono Boost)  
  71  8:10  Stalker  
  69  8:24  Stalker x3  
  69  8:25  Stalker  
  69  8:35  Probe x3  
  70  8:41  Immortal (Chrono Boost)  
  70  8:43  Stalker x2  
  78  8:56  High Templar x4  
  78  9:00  Psionic Storm, Archon  
  78  9:01  Archon  
  85  9:10  Pylon  
  85  9:12  Pylon  
  85  9:16  Observer  
  82  9:41  Nexus  
  82  9:43  High Templar x2  
  86  9:46  Probe  
  86  9:47  Probe  
  86  9:51  Pylon  
  88  9:58  Probe  
  88  9:59  Probe  
  90  10:00  Stalker x2  
Tags
 
Add a new tag
Caveats
  • Supply blocks, unpowered buildings, or Contaminate may cause inaccurate times.
  • Supply counts are checked every 10 seconds.